 Dungeon Sprint DCSS version 0.30.1-11-g7821555f0a (webtiles) character file.

Game seed: 204690961591755737

7833 Groucho the Eclecticist (level 11, -8/60 HPs)
             Began as a Deep Elf Earth Elementalist on Jan 5, 2024.
             Was a High Priest of Sif Muna.
             Mangled by a freezing wraith (9 damage)
             ... in the Dungeon (Sprint VII: "The Pits").
             The game lasted 00:15:10 (5477 turns).

Groucho the Eclecticist (DEEE)                      Turns: 5477, Time: 00:15:11

Health: -8/60      AC: 10    Str:  5    XL:     11   Next: 2%
Magic:  26/32      EV: 16    Int: 25    God:    Sif Muna [*****.]
Gold:   0          SH:  0    Dex: 18    Spells: 26/40 levels left

rFire   . . .        h - +2 dagger
rCold   . . .        (no shield)
rNeg    . . .        r - +0 acid dragon scales
rPois   .            q - +0 helmet
rElec   .            (no cloak)
rCorr   +            (no gloves)
SInv    .            p - +0 pair of boots
Will    +....        (no amulet)
Stlth   +++          l - +3 ring of evasion
HPRegen 0.30/turn    m - +3 ring of dexterity
MPRegen 0.23/turn

%: no teleportation
@: slowed, very slow
A: no striking features
a: Renounce Religion, Channel Magic, Forget Spell, Divine Exegesis


You were in the Dungeon.
You worshipped Sif Muna.
Sif Muna was extremely pleased with you.
You visited 1 branch

Inventory:

Hand Weapons
 h - a +2 dagger (weapon)
Missiles
 a - 6 javelins
Armour
 p - a +0 pair of boots (worn)
 q - a +0 helmet (worn)
 r - +0 acid dragon scales (worn)
Jewellery
 l - a +3 ring of evasion (left hand)
 m - a +3 ring of dexterity (right hand)
Scrolls
 g - a scroll of blinking
 j - 5 scrolls of amnesia
 k - a scroll of summoning
Potions
 b - 5 potions of magic
 c - 5 potions of curing
 d - 5 potions of heal wounds
 e - a potion of haste
 f - 4 potions of berserk rage
 i - 2 potions of invisibility
 n - 2 potions of brilliance
 o - 2 potions of mutation


   Skills:
 - Level 3.0 Fighting
 - Level 5.0 Short Blades
 + Level 5.7 Armour
 - Level 5.0 Dodging
 - Level 7.0 Stealth
 + Level 15.2 Spellcasting
 + Level 12.6 Conjurations
 + Level 11.8 Transmutations
 + Level 13.6 Earth Magic
 - Level 10.0 Invocations


You had 26 spell levels left.
You knew the following spells:

 Your Spells              Type           Power      Damage    Failure   Level
a - Sandblast             Erth           100%       2d20      1%          1
b - Stone Arrow           Conj/Erth      100%       3d13      1%          3
c - Petrify               Tmut/Erth      70%        N/A       1%          4
d - Iron Shot             Conj/Erth      35%        9d7       4%          6

Your spell library contained the following spells:

 Spells                   Type           Power      Damage    Failure   Level
 Beastly Appendage        Tmut           100%       N/A       1%          1
 Kiss of Death            Conj/Necr      100%       2d13      1%          1
 Magic Dart               Conj           100%       1d8       1%          1
 Sting                    Tmut/Pois      100%       1d8       1%          1
 Momentum Strike          Conj/Tloc      100%       3d10      1%          2
 Passwall                 Tmut/Erth      58%        N/A       1%          2
 Searing Ray              Conj           100%       2d8       1%          2
 Static Discharge         Conj/Air       100%       2-7/arc   1%          2
 Hailstorm                Conj/Ice       50%        3d11      1%          3
 Fulminant Prism          Conj/Hex       25%        3d14      4%          4
 Ice Form                 Ice/Tmut       48%        N/A       4%          4
 Iskenderun's Mystic Bla  Conj/Tloc      50%        2d11      4%          4
 Statue Form              Tmut/Erth      46%        N/A       4%          6
 Apportation              Tloc           38%        N/A       6%          1
 Summon Small Mammal      Summ           76%        N/A       6%          1
 Ensorcelled Hibernation  Hex/Ice        38%        N/A       9%          2
 Lesser Beckoning         Tloc           38%        N/A       9%          2
 Fireball                 Conj/Fire      25%        3d11      12%         5
 Frozen Ramparts          Ice            38%        1d6       17%         3
 Portal Projectile        Hex/Tloc       38%        N/A       17%         3
 Teleport Other           Tloc           19%        N/A       17%         3
 Volatile Blastmotes      Fire/Tloc      38%        2d13      17%         3
 Freezing Cloud           Conj/Ice/Air   20%        6-21      28%         5
 Starburst                Conj/Fire      25%        6d8       54%         6
 Storm Form               Tmut/Air       24%        N/A       99%         7
 Simulacrum               Ice/Necr       9%         N/A       100%        6
 Monstrous Menagerie      Summ           9%         N/A       100%        7


Dungeon Overview and Level Annotations

Branches:
Dungeon (1/1)

Altars:
Ashenzari
Cheibriados
Dithmenos
Elyvilon
Fedhas
Gozag
Hepliaklqana
Kikubaaqudgha
Makhleb
Nemelex Xobeh
Okawaru
Qazlal
Ru
Sif Muna
Trog
Uskayaw
Vehumet
Wu Jian
Xom
Yredelemnul
Zin
The Shining One
Jiyva
Lugonu


Message History

There is an open door here.
You see here a +0 trident.
A demonic crawler comes into view.
A freezing wraith comes into view.
The demonic crawler gives a hideous shriek!
Casting: Petrify (safe; 1% risk of failure)
Confirm with . or Enter, or press ? or * to list all spells.
Aiming: Petrify (safe; 1% risk of failure)
Press: ? - help, Shift-Dir - straight line, f - demonic crawler
Aim: a demonic crawler (chance to affect: 46%)
The demonic crawler is moving more slowly.
Unknown command.
Unknown command.
The demonic crawler stops moving altogether!
The helpless demonic crawler fails to defend itself.
You perforate the demonic crawler like a sieve!!!
The demonic crawler is moderately wounded.
The helpless demonic crawler fails to defend itself.
You perforate the demonic crawler like a sieve!!!
The demonic crawler is severely wounded.
The helpless demonic crawler fails to defend itself.
You perforate the demonic crawler like a sieve!!!
You kill the demonic crawler!
Sif Muna accepts your kill. The freezing wraith hits you!
The freezing wraith freezes you! The freezing wraith hits you.
The freezing wraith drains your vigour!
You feel yourself slow down.
You have reached level 11!
Unknown command.
Casting: Petrify (safe; 1% risk of failure)
Confirm with . or Enter, or press ? or * to list all spells.
Aiming: Stone Arrow (safe; 1% risk of failure)
Press: ? - help, Shift-Dir - straight line, f - freezing wraith
Aim: a freezing wraith (78% to hit)
The stone arrow hits the freezing wraith!
The freezing wraith is moderately damaged.
The freezing wraith hits you! The freezing wraith freezes you!!
* * * LOW HITPOINT WARNING * * *
The freezing wraith hits you!
You die...

...#..#......# .............+
.............+ ...#..#......#
.............# '#####)'######
....##''# ######## #####
....##.)# ##.....W###...##
....##..# #..#'#@†.......##
<...##..##†.##.##.....#...#
....##..##.##...##...###..#
....##..####.....##)## ##.#
....##...##).....#...#.#...#
######....'......'...'.'...'.
######...##......#...#.#...#..
..[[##..####..)..##.##.##W###.
....##..##.##...##...# #..# #.


You could see a freezing wraith.

Vanquished Creatures
  Urug (D)
  A deep troll (D)
  An orc sorcerer (D)
  A deep elf zephyrmancer (D)
  5 elephants (D)
  2 demonic crawlers (D)
  A black mamba (D)
  A cane toad (D)
  An unseen horror (D)
  2 red devils (D)
  A polar bear (D)
  A hornet (D)
  A tarantella (D)
  2 jumping spiders (D)
  A fire bat (D)
  A wraith (D)
  A basilisk (D)
  An acid dragon (D)
  A water moccasin (D)
  2 centaurs (D)
  4 wolves (D)
  A phantom (D)
  2 scorpions (D)
  A quasit (D)
  An iron imp (D)
  A gnoll (D)
  An adder (D)
  A white imp (D)
  An ufetubus (D)
  A worm (D)
  A bat skeleton (D)
  2 endoplasms (D)
  A giant cockroach (D)
  A goblin (D)
  2 hobgoblins (D)
  4 jackals (D)
  2 kobolds (D)
  A quokka (D)
  A ball python skeleton (D)
  A frilled lizard (D)
  A rat (D)
59 creatures vanquished.

Notes
Turn   | Place    | Note
-------+----------+-------------------------------------------
     0 | D        | Groucho the Deep Elf Earth Elementalist began the quest for
                  | the Orb.
     0 | D        | Reached XP level 1. HP: 10/10 MP: 6/6
    37 | D        | Found a glowing golden altar of the Shining One.
    37 | D        | Found a glowing silver altar of Zin.
    37 | D        | Found a basalt altar of Yredelemnul.
    37 | D        | Found a shimmering altar of Xom.
    37 | D        | Found an ornate altar of the Wu Jian Council.
    37 | D        | Found a bloodstained altar of Trog.
    37 | D        | Found a shimmering blue altar of Sif Muna.
    37 | D        | Found a sacrificial altar of Ru.
    37 | D        | Found a stormy altar of Qazlal.
    37 | D        | Found an iron altar of Okawaru.
    37 | D        | Found a sparkling altar of Nemelex Xobeh.
    37 | D        | Found a burning altar of Makhleb.
    37 | D        | Found a viscous altar of Jiyva.
    37 | D        | Found a hazy altar of Hepliaklqana.
    37 | D        | Found an opulent altar of Gozag.
    37 | D        | Found a blossoming altar of Fedhas.
    37 | D        | Found a white marble altar of Elyvilon.
    37 | D        | Found a shadowy altar of Dithmenos.
    37 | D        | Found a snail-covered altar of Cheibriados.
    38 | D        | Found a radiant altar of Vehumet.
    38 | D        | Found a corrupted altar of Lugonu.
    39 | D        | Found an ancient bone altar of Kikubaaqudgha.
    39 | D        | Found a hide-covered altar of Uskayaw.
    39 | D        | Found a broken altar of Ashenzari.
    40 | D        | Became a worshipper of Sif Muna the Loreminder
    49 | D        | Reached skill level 1 in Conjurations
   181 | D        | Reached * piety under Sif Muna
   182 | D        | Reached skill level 4 in Spellcasting
   182 | D        | Reached XP level 2. HP: 11/15 MP: 3/9
   257 | D        | Noticed a scorpion
   267 | D        | Reached ** piety under Sif Muna
   281 | D        | Killed a scorpion
   282 | D        | Reached skill level 6 in Spellcasting
   282 | D        | Reached XP level 3. HP: 19/19 MP: 2/12
   282 | D        | Reached XP level 4. HP: 24/24 MP: 2/14
   457 | D        | Noticed a scorpion
   463 | D        | Learned a level 3 spell: Stone Arrow
   468 | D        | Learned a level 4 spell: Petrify
   481 | D        | Killed a scorpion
   482 | D        | Reached skill level 1 in Fighting
   482 | D        | Reached skill level 1 in Short Blades
   482 | D        | Reached *** piety under Sif Muna
   810 | D        | Reached XP level 5. HP: 29/29 MP: 9/16
   816 | D        | Noticed a centaur
   838 | D        | Reached **** piety under Sif Muna
   841 | D        | Killed a centaur
   842 | D        | Reached skill level 7 in Spellcasting
   842 | D        | Reached skill level 5 in Conjurations
   842 | D        | Reached skill level 1 in Invocations
  1446 | D        | Noticed a polar bear
  1505 | D        | Killed a polar bear
  1506 | D        | Reached skill level 5 in Dodging
  1506 | D        | Reached skill level 5 in Stealth
  1506 | D        | Reached skill level 8 in Spellcasting
  1506 | D        | Reached XP level 6. HP: 35/37 MP: 11/19
  1768 | D        | Noticed a water moccasin
  1769 | D        | Reached ***** piety under Sif Muna
  1770 | D        | Received a gift from Sif Muna
  1771 | D        | Reached XP level 7. HP: 41/41 MP: 14/21
  1773 | D        | Reached skill level 9 in Spellcasting
  1773 | D        | Reached skill level 5 in Transmutations
  1774 | D        | Got Sif Muna's Compilation of Assembled Movement {god gift}
  2176 | D        | Noticed a fire bat
  2202 | D        | Noticed an orc sorcerer
  2208 | D        | Killed an orc sorcerer
  2209 | D        | Reached skill level 5 in Short Blades
  2209 | D        | Reached skill level 10 in Spellcasting
  2209 | D        | Reached skill level 5 in Invocations
  2209 | D        | Reached XP level 8. HP: 34/46 MP: 4/24
  2596 | D        | Noticed a hornet
  2605 | D        | Reached skill level 10 in Earth Magic
  2606 | D        | Killed a hornet
  2607 | D        | Reached skill level 11 in Spellcasting
  2640 | D        | Received a gift from Sif Muna
  2824 | D        | Noticed a jumping spider
  2824 | D        | Noticed a demonic crawler
  2824 | D        | Noticed a black mamba
  2824 | D        | Noticed Urug
  2832 | D        | Killed a black mamba
  2833 | D        | Reached XP level 9. HP: 25/50 MP: 19/26
  2844 | D        | Killed Urug
  2845 | D        | Reached skill level 12 in Spellcasting
  2845 | D        | Reached skill level 10 in Conjurations
  3052 | D        | Killed a demonic crawler
  3053 | D        | Reached skill level 1 in Armour
  3192 | D        | Received a gift from Sif Muna
  3193 | D        | Got Sif Muna's Enchiridion on the Chilly Map {god gift}
  3444 | D        | Noticed a deep elf zephyrmancer
  3519 | D        | Killed a deep elf zephyrmancer
  3520 | D        | Reached skill level 13 in Spellcasting
  3646 | D        | Noticed a cane toad
  3673 | D        | Killed an unseen horror
  3674 | D        | Reached skill level 10 in Transmutations
  3674 | D        | Reached XP level 10. HP: 42/56 MP: 19/29
  3906 | D        | Noticed an elephant
  3906 | D        | Noticed an elephant
  3906 | D        | Noticed an elephant
  3906 | D        | Noticed an elephant
  3907 | D        | Noticed an elephant
  3907 | D        | Noticed an elephant
  4235 | D        | Killed a cane toad
  4562 | D        | Killed an elephant
  4562 | D        | Received a gift from Sif Muna
  4563 | D        | Got Sif Muna's Folio of Transportation and Transmigration
                  | {god gift}
  4573 | D        | Killed an elephant
  4574 | D        | Reached skill level 10 in Invocations
  4578 | D        | Killed an elephant
  4579 | D        | Reached skill level 14 in Spellcasting
  4586 | D        | Killed an elephant
  4591 | D        | Killed an elephant
  4889 | D        | Reached skill level 5 in Armour
  5048 | D        | Received a gift from Sif Muna
  5049 | D        | Got Sif Muna's Atlas of Polluted Bombardment {god gift}
  5057 | D        | Learned a level 6 spell: Iron Shot
  5220 | D        | Noticed a deep troll
  5233 | D        | Killed a deep troll
  5234 | D        | Reached skill level 15 in Spellcasting
  5459 | D        | Noticed a demonic crawler
  5476 | D        | Killed a demonic crawler
  5477 | D        | Reached XP level 11. HP: 30/60 MP: 29/32
  5477 | D        | HP: 1/60 [freezing wraith (22)]
  5477 | D        | Mangled by a freezing wraith

Illustrated notes

Levels and vault maps discovered:
D:        pitsprint [storerooms_1, entrance_room_1, metal_vault_3, armoury_2,
          mini_pit_1, grid_room_1, main_hall_1, silver_pit, the_coven_1,
          the_vestibule_1, steel_vault_2, golden_pit, hallway_of_sentries,
          crystal_vault_1, iron_vault_2, final_vault]

Skill      XL: |  1  2  3  4  5  6  7  8  9 10 |
---------------+-------------------------------+-----
Conjurations   | 2 4 6 7 9 10 12 | 12.6
Earth Magic    | 4 7 8 9 10 12 13 | 13.6
Spellcasting   | 4 6 8 10 11 13 15 | 15.2
Fighting       | 1 3 |  3.0
Short Blades   | 1 3 4 5 |  5.0
Dodging        | 3 5 |  5.0
Stealth        | 3 5 6 7 |  7.0
Transmutations | 2 4 6 8 10 11 | 11.8
Invocations    | 3 5 7 9 10 | 10.0
Armour         | 2 5 |  5.7

Action                     |  1- 3 |  4- 6 |  7- 9 | 10-12 || total
---------------------------+-------+-------+-------+-------++-------
  Melee: Dagger            |       |       |    14 |    15 ||    29
         Punch             |       |       |     2 |     1 ||     3
   Cast: Sandblast         |    18 |     3 |       |       ||    21
         Stone Arrow       |       |    16 |    30 |    37 ||    83
         Petrify           |       |       |    13 |    13 ||    26
 Invoke: Channel Magic     |       |       |     1 |     2 ||     3
    Use: Potion            |       |     1 |     2 |     5 ||     8
   Stab: Petrified         |       |       |    14 |    14 ||    28
         Sleeping          |       |       |       |     1 ||     1
 Armour: Robe              |     3 |     4 |     3 |       ||    10
         Acid dragon scale |       |       |       |    11 ||    11
  Dodge: Dodged            |     7 |     3 |     7 |    30 ||    47
